 Dungeon Crawl Stone Soup version 0.31-a0-234-gad7ace16ef (webtiles) character file.

Game seed: 9394124249005248328

41 British0li the Ducker (level 3, 28/28 HPs)
             Began as a Demonspawn Gladiator on July 10, 2023.
             Got out of the dungeon alive.
             The game lasted 00:00:48 (1008 turns).

British0li the Ducker (Demonspawn Gladiator)        Turns: 1008, Time: 00:00:49

Health: 28/28      AC:  4    Str: 16    XL:     3   Next: 32%
Magic:  3/3        EV: 12    Int:  9    God:
Gold:   71         SH:  0    Dex: 14    Spells: 2/2 levels left

rFire   . . .        a - +0 long sword
rCold   . . .        (no shield)
rNeg    . . .        b - +0 leather armour
rPois   .            c - +0 helmet
rElec   .            (no cloak)
rCorr   .            (no gloves)
SInv    .            (no boots)
Will    .....        (no amulet)
Stlth   +            (no ring)
HPRegen 0.24/turn    (no ring)
MPRegen 0.08/turn

%: no passive effects
@: no status effects
A: spiny 1, sanguine armour 1
a: no special abilities


You escaped.
You visited 1 branch of the dungeon, and saw 2 of its levels.

You collected 71 gold pieces.

Inventory:

Hand Weapons
 a - a +0 long sword (weapon)
Missiles
 d - 3 throwing nets (quivered)
 e - a javelin
Armour
 b - a +0 leather armour (worn)
 c - a +0 helmet (worn)
Scrolls
 f - a scroll of blinking {unknown}
 g - a scroll of teleportation {unknown}
 h - 3 scrolls of identify {unknown}
Potions
 i - a potion of heal wounds {unknown}
 j - a potion of berserk rage {unknown}
 k - a potion of degeneration {unknown}


   Skills:
 + Level 2.5 Fighting
 + Level 3.0 Long Blades
 + Level 2.3 Throwing
 + Level 3.1 Dodging


You had 2 spell levels left.
You didn't know any spells.
Your spell library was empty.

Dungeon Overview and Level Annotations

Branches:
Dungeon (2/15)

Altars:


Innate Abilities, Weirdness & Mutations

You are partially covered in sharp spines.
When seriously injured, your blood forms armour. (AC +0)


Message History

You closely miss the goblin.
The goblin is heavily wounded.
The goblin is struck by your spines.
You kill the goblin!
The goblin is struck by your spines. The goblin hits you but does no damage.
You see here a +0 club.
You hit the goblin.
You kill the goblin!
No target in view!
No target in view!
(D) Dungeon
Where to? (Enter - D:1, ? - help)
There is a large open door here.
There is a large open door here.
There is a stone staircase leading up here.
You climb upwards.
There is a stone staircase leading down here.
(D) Dungeon
Where to? (Enter - D:1, ? - help)
Okay, then.
There is an open door here.
Found a robe.
An endoplasm comes into view.
The endoplasm quivers.
You can't go up here!
An endoplasm is nearby!
The endoplasm freezes you.
You are frozen.
You hit the endoplasm.
You kill the endoplasm!
No target in view!
No target in view!
No target in view!
No target in view!
No target in view!
HP restored.
You see here a +0 robe.
There is a staircase leading out of the dungeon here.
Are you sure you want to leave the Dungeon?
This will make you lose the game!
You have escaped!

##.........# #...#
#........# #########'##
##'## #........# # #.#
#.# ########...#### # #.#
#.# #......+..['... #####
#.# #.# #.######...####
....# #.#
#.###.............. ....#
#.#####........##########
....#####.#.........##.#
..........#.....@...##.#
###########.........##.#
..>.......#.........##.#
#########.#....8....##.#
......# #.#...♣.....##.#
#####.###.#.........##.#
.....[..#.#.........##.#
#####.#.#.#.........##.#
#.#.#.############.#


There were no monsters in sight!

Vanquished Creatures
  2 adders (D:2)
  2 dart slugs (D:2)
  3 endoplasms
  A giant cockroach (D:1)
  2 hobgoblins
  3 kobolds
  A ball python (D:1)
  3 goblins
  2 rats (D:2)
19 creatures vanquished.

Notes
Turn   | Place    | Note
-------+----------+-------------------------------------------
     0 | D:1      | British0li the Demonspawn Gladiator began the quest for the
                  | Orb.
     0 | D:1      | Reached XP level 1. HP: 16/16 MP: 1/1
   290 | D:1      | You fall into a shaft and drop 1 floor!
   301 | D:2      | Gained mutation: When seriously injured, your blood forms
                  | armour. (AC +0) [demonic ancestry]
   301 | D:2      | Reached XP level 2. HP: 19/22 MP: 2/2
   615 | D:2      | Gained mutation: You are partially covered in sharp spines.
                  | [demonic ancestry]
   615 | D:2      | Reached XP level 3. HP: 27/28 MP: 3/3
  1008 | D:$      | Got out of the dungeon alive.

Illustrated notes

Levels and vault maps discovered:
D:1:      wander_arrival_lonely_grave, layout_basic, minivault_11
D:2:      layout_basic, kennysheep_generic_room_6, uniq_sigmund

Skill      XL: |  1  2 |
---------------+-------+-----
Throwing       | 2 |  2.3
Long Blades    | 3 |  3.0
Dodging        | 3 |  3.1
Fighting       | |  2.5

Action                     || total
---------------------------++-------
  Melee: Long sword        ||    53
 Armour: Leather armour    ||    22
  Dodge: Dodged            ||    41

Table legend: (Time is in decaauts)
 A = Elapsed time spent in this place.
 B = Non-inter-level travel time spent in this place.
 C = Inter-level travel time spent in this place.
 D = Time resting spent in this place.
 E = Time spent auto-exploring this place.
 F = Levels seen in this place.
 G = Mean time per level.
                   A        B        C        D        E       F      G
               +--------+--------+--------+--------+--------+-----+--------+
         Total |   1022 |    855 |    167 |      0 |    713 |   2 |  511.0 |
       Dungeon |   1022 |    855 |    167 |      0 |    713 |   2 |  511.0 |
               +--------+--------+--------+--------+--------+-----+--------+

Top non-repeatable levels by time:
     D:2: 641 daAuts
     D:1: 381 daAuts
